Map: Abiogenesis LE

Players

tutu - Winner!

  • Race: Terran Terran
  • League: Platinum
  • Spawn Location: 5:00

Infamous

  • Race: Protoss Protoss
  • League: Gold
  • Spawn Location: 11:00

VOD

Have the link to the VOD?

Description

Time

  • Played on: April 17, 2018, 12:19 p.m.
  • Length: 13:24
Show
View Real Time Build Order
Export as new Build Order

tutu Terran - Winner!

Build Orders: MMM Bio 

Get SALT Encoding   

  12  0:02  SCV  
  13  0:16  SCV  
  14  0:22  Supply Depot  
  14  0:26  Refinery  
  14  0:30  SCV  
  15  0:44  SCV  
  15  0:47  Barracks  
  16  0:56  SCV  
  17  1:17  SCV  
  18  1:23  Barracks  
  18  1:30  Barracks  
  18  1:45  SCV  
  20  1:57  Barracks Reactor  
  19  2:06  SCV  
  20  2:10  Engineering Bay  
  20  2:11  Barracks Tech Lab  
  20  2:16  Barracks Reactor  
  20  2:33  Factory  
  20  2:38  Command Center  
  21  2:44  SCV  
  21  2:45  Marine  
  21  2:48  Marine  
  23  3:01  Supply Depot  
  23  3:21  Factory Tech Lab  
  23  3:23  SCV  
  23  3:24  Supply Depot  
  24  3:27  Refinery  
  24  3:28  Stimpack  
  24  3:35  SCV  
  24  3:38  Terran Infantry Weapons Level 1  
  25  3:47  Orbital Command  
  25  3:50  SCV  
  26  4:10  Marine x3  
  26  4:11  Marine x2  
  26  4:13  SCV x2  
  33  4:43  Marine x3  
  33  4:44  Marine x2  
  38  4:46  Siege Tank  
  41  4:54  SCV  
  41  4:55  SCV  
  43  5:01  Marine x4  
  43  5:02  Marine  
  48  5:13  Planetary Fortress  
  48  5:17  SCV  
  48  5:20  Marine x4  
  53  5:21  Marine  
  54  5:29  Combat Shields  
  54  5:31  Supply Depot  
  54  5:42  Supply Depot  
  54  5:44  Supply Depot  
  54  5:53  Marine x5, SCV  
  60  6:02  SCV  
  61  6:05  Siege Tank  
  64  6:11  Supply Depot  
  64  6:13  Supply Depot  
  49  6:36  Marine  
  49  6:37  Marine x4  
  43  6:57  Terran Infantry Armor Level 1  
  43  7:04  SCV x2  
  45  7:09  Barracks  
  45  7:10  Barracks  
  45  7:11  Barracks  
  45  7:12  Starport  
  45  7:13  Siege Tank  
  48  7:21  SCV x2  
  50  7:23  Marine x3  
  50  7:24  Marine x2  
  55  7:41  Marine x3  
  55  7:42  Marine x2  
  60  7:58  Marine  
  60  7:59  Marine x3  
  60  8:00  Marine  
  65  8:07  Marine x3  
  68  8:18  Starport Reactor  
  68  8:21  Marine x3  
  68  8:22  Marine x2  
  73  8:34  Marine  
  73  8:35  Marine x2  
  73  8:39  Marine x4, Command Center  
  73  8:41  Marine  
  81  8:54  Medivac x2  
  85  9:00  Marine x6  
  91  9:03  Marine  
  92  9:22  Supply Depot  
  92  9:25  Supply Depot  
  92  9:43  Marine x6  
  92  9:44  Marine, Cyclone  
  102  9:46  Marine  
  102  9:50  Supply Depot, Planetary Fortress  
  102  9:52  Supply Depot  
  103  9:57  Refinery  
  103  10:01  Refinery  
  103  10:08  Factory  
  103  10:12  Marine x3  
  103  10:13  Starport  
  75  11:14  Marine x8  
  83  11:31  Marine  
  83  11:32  Marine x7  
  76  11:49  Marine  
  76  11:50  Marine x7, Medivac x2  
  76  11:51  Medivac  
  90  12:07  Marine  
  90  12:08  Marine x7  
  98  12:25  Marine x5  
  98  12:26  Marine x3  
Show
View Real Time Build Order
Export as new Build Order

Infamous Protoss 

Build Orders:  

Get SALT Encoding   

  12  0:02  Probe  
  13  0:16  Pylon  
  13  0:18  Probe  
  14  0:30  Probe (Chrono Boost)  
  15  0:37  Gateway  
  16  0:42  Probe (Chrono Boost)  
  16  0:51  Probe (Chrono Boost)  
  16  0:53  Assimilator  
  17  1:10  Probe (Chrono Boost)  
  18  1:13  Gateway  
  18  1:22  Probe (Chrono Boost)  
  19  1:28  Cybernetics Core  
  19  1:30  Probe (Chrono Boost)  
  20  1:38  Probe  
  21  1:42  Assimilator  
  21  1:44  Pylon  
  21  1:57  Probe  
  22  2:03  Stalker (Chrono Boost)  
  26  2:11  Warp Gate (Chrono Boost)  
  26  2:12  Stalker (Chrono Boost)  
  26  2:19  Probe  
  27  2:37  Stalker x2  
  31  2:53  Robotics Facility  
  31  3:05  Pylon  
  31  3:19  Probe  
  31  3:24  Nexus  
  31  3:32  Pylon  
  31  3:37  Probe  
  31  3:40  Pylon, Observer  
  33  3:53  Gateway  
  33  3:58  Shield Battery  
  33  4:02  Observer  
  34  4:03  Shield Battery  
  34  4:18  Twilight Council  
  34  4:27  Immortal  
  38  4:33  Probe  
  39  4:39  Probe  
  39  4:45  Probe  
  41  4:53  Probe  
  41  4:54  Zealot  
  41  4:55  Blink (Chrono Boost)  
  41  4:56  Sentry  
  46  5:04  Probe  
  47  5:15  Probe  
  47  5:16  Probe  
  47  5:21  Zealot x2  
  51  5:27  Probe  
  51  5:28  Probe  
  55  5:36  Pylon  
  55  5:39  Probe  
  55  5:41  Immortal (Chrono Boost)  
  60  5:43  Probe  
  61  6:00  Sentry x2  
  61  6:01  Sentry  
  67  6:17  Assimilator  
  67  6:20  Assimilator  
  47  6:34  Adept x3  
  53  6:42  Pylon  
  53  6:48  Shield Battery  
  53  6:58  Immortal  
  57  7:03  Probe x2  
  57  7:06  Templar Archives  
  59  7:10  Pylon  
  59  7:13  Forge  
  59  7:14  Forge, Stalker x2  
  63  7:17  Zealot  
  65  7:33  Probe x2  
  67  7:46  Probe (Chrono Boost)  
  67  7:51  Probe (Chrono Boost), Nexus  
  69  7:53  Pylon  
  69  7:56  Probe (Chrono Boost), Pylon  
  71  8:00  Probe (Chrono Boost)  
  71  8:04  Protoss Ground Weapons Level 1 (Chrono Boost), High Templar x3  
  71  8:05  Protoss Ground Armor Level 1 (Chrono Boost)  
  77  8:11  Probe x2  
  79  8:14  Gateway  
  79  8:16  Gateway  
  79  8:23  Probe  
  80  8:33  Gateway  
  80  8:37  Photon Cannon  
  80  8:41  Immortal (Chrono Boost)  
  84  8:43  Archon  
  84  8:45  High Templar  
  86  8:49  Probe x2  
  88  9:01  Probe x2  
  90  9:10  High Templar x2  
  94  9:30  Archon  
  94  9:32  High Templar  
  96  9:41  Assimilator  
  96  9:43  Probe x3  
  99  9:45  Assimilator  
  99  9:55  Probe  
  99  9:59  High Templar  
  102  10:00  High Templar  
  102  10:01  Zealot x2  
  102  10:06  Immortal  
  112  10:11  Probe x3  
  115  10:15  Psionic Storm  
  105  10:31  Probe x2  
  80  10:38  Stalker  
  80  10:39  Stalker x4  
  54  10:53  High Templar x2  
  54  10:54  Stalker x2  
  54  11:08  Archon  
  40  11:22  Zealot  
  42  11:26  Zealot x2  
  46  11:36  Probe x2  
  48  11:48  Probe x2  
  50  11:55  Pylon  
  50  11:57  Pylon, High Templar x2  
  54  12:07  Immortal (Chrono Boost)  
  58  12:18  Nexus  
  58  12:20  High Templar  
  58  12:21  Zealot x2  
  58  12:22  Pylon  
  64  12:24  Pylon  
  64  12:26  Pylon  
  36  12:46  Stalker x2  
  36  12:47  Stalker  
  36  13:08  Probe  
  37  13:15  Nexus  
Tags
 
Composition
MMM Bio
Matchup
PvT
Replay Pack
Last Remnant (2)
Spawn Locations
Cross Positions
Add a new tag
Caveats
  • Supply blocks, unpowered buildings, or Contaminate may cause inaccurate times.
  • Supply counts are checked every 10 seconds.